cohdb
Replays
Latest Replays
All Replays
Popular Replays
Top Player Replays
Match Explorer
How It Works
Community
CoH3 Stats
Reddit
Sign in to upload your games and track your stats! →
Sign in with Steam
Match 45117538
Unlisted
Match 45117538
Overview
Messages
Build Orders
End
Selects Armored Battlegroup
Selects Armored Battlegroup
Selects Assault Engineers
Assault Engineer Squad
Assault Engineer Squad
Construct Weapon Support Center
M1919 Machine Gun Team
M1919 Machine Gun Team
M1919 Machine Gun Team
Construct Medical Station
Bazooka Squad
Air Support Center
P-47 Strafing Run
M1919 Machine Gun Team
.30 cal Machine Gun
Construct Tank Depot
Selects Strength in Steel
P-47 Strafing Run
Selects M8 Scott SPG
Selects UNKNOWN (2160077)
M4A3E8 Sherman Easy Eight
Grasshopper Recon Run
Selects M31 Recovery Vehicle
M31 Recovery Vehicle
Selects War Machine
M4A3E8 Sherman Easy Eight
Grasshopper Recon Run
Assault Engineer Squad
M4A3E8 Sherman Easy Eight
marcmorn
ConcernedApe
el televisoro
DroningGrievous
0
0
Comments
sign in to comment!
No comments posted yet!